 Dungeon Crawl Stone Soup version 0.30-a0-800-g7c544603b3 (webtiles) character file.

Game seed: 18237156092122706170

11 jimonade the Trooper (level 2, -1/22 (27) HPs)
             Began as a Hill Orc Fighter on Feb 21, 2023.
             Slain by a worm (7 damage)
             ... on level 2 of the Dungeon.
             The game lasted 00:00:51 (653 turns).

jimonade the Trooper (Hill Orc Fighter)              Turns: 653, Time: 00:00:51

HP:   -1/22 (27)    AC:  6    Str: 18    XL:     2   Next: 29%
MP:   2/2           EV:  9    Int:  8    God:
Gold: 37            SH:  4    Dex: 10    Spells: 1/1 levels left

rFire   . . .      SeeInvis .    a - +0 war axe
rCold   + . .      Faith    .    c - +0 buckler
rNeg    . . .      Spirit   .    b - +0 scale mail
rPois   .          Reflect  .    (no helmet)
rElec   .          Harm     .    (no cloak)
rCorr   .          Rampage  .    (no gloves)
Will    .....                    (no boots) Stlth
                                 (no amulet)
HPRegen 0.23/turn                o - ring of protection from cold
MPRegen 0.08/turn                (no ring)

@: heavily drained
A: no striking features
a: no special abilities


You were on level 2 of the Dungeon.
You visited 1 branch of the dungeon, and saw 2 of its levels.

You collected 37 gold pieces.

Inventory:

Hand Weapons
 a - a +0 war axe (weapon)
 j - a +2 dagger of draining
Missiles
 e - 4 poisoned darts (quivered)
 i - 5 boomerangs
Armour
 b - a +0 scale mail (worn)
 c - a +0 buckler (worn)
Jewellery
 o - a ring of protection from cold (left hand)
Scrolls
 f - a scroll of teleportation {unknown}
 k - a scroll of blinking {unknown}
 m - a scroll of magic mapping {unknown}
Potions
 d - a potion of might
 g - a potion of mutation {unknown}
 h - a potion of lignification {unknown}
 l - a potion of resistance {unknown}
 n - 2 potions of haste {unknown}


   Skills:
 + Level 3.9 Fighting
 * Level 3.0 Axes
 + Level 3.5 Armour
 + Level 3.5 Shields


You had one spell level left.
You didn't know any spells.
Your spell library contained the following spells:

 Spells                   Type           Power      Damage    Failure   Level
 Lesser Beckoning         Tloc           0%         N/A       95%         2
 Gell's Gravitas          Tloc           0%         N/A       99%         3
 Teleport Other           Tloc           0%         N/A       99%         3


Dungeon Overview and Level Annotations

Branches:
Dungeon (2/15)

Altars:


Message History

You see here a +0 short sword.
You see here a +0 leather armour.
Things that are here:
a +0 whip; a kobold corpse
There is an open door here.
You see here a +0 dagger.
Done exploring.
Done exploring.
Search for what [? for help]? .
Done exploring.
Things that are here:
a +0 dagger; 3 stones You see here a +0 dagger.
There is an open door here.
You open the door.
There is an open door here.
Things that are here:
a +0 whip; a kobold corpse
There is a stone staircase leading down here.
You climb downwards.
There is a stone staircase leading up here.
There is a stone staircase leading up here.
You hit the worm.
The worm is lightly wounded.
The worm bites you.
You barely miss the worm. The worm bites you.
You barely miss the worm. The worm bites you.
You are too injured to fight recklessly!
You are too injured to fight recklessly!
You are too injured to fight recklessly!
You hit the worm.
The worm is moderately wounded.
The worm bites you.
* * * LOW HITPOINT WARNING * * *
You barely miss the worm.
The worm is moderately wounded.
You hit the worm.
The worm is moderately wounded.
The worm bites you!
You die...

#### #..
#.# #.# #@#
#w# #.#
#.........#
#.##..###.#
...# .....
.#...#
#......


You could see a worm.

Vanquished Creatures
  A bat (D:1)
  An endoplasm (D:1)
  2 goblins (D:1)
  3 kobolds (D:1)
  2 ball pythons (D:1)
  2 frilled lizards (D:1)
11 creatures vanquished.

Notes
Turn   | Place    | Note
-------+----------+-------------------------------------------
     0 | D:1      | jimonade the Hill Orc Fighter began the quest for the Orb.
     0 | D:1      | Reached XP level 1. HP: 19/19 MP: 1/1
   244 | D:1      | Reached XP level 2. HP: 21/21 MP: 2/2
   653 | D:2      | Slain by a worm

Illustrated notes

Levels and vault maps discovered:
D:1:      dpeg_arrival_tiny_a, layout_basic, minmay_statues_item
D:2:      layout_loops_corners, serial_shops, nicolae_shop_crystal,
          serial_glass, glass_columns_b, glass_columns_c, glass_columns_a,
          glass_columns_b, glass_columns_b, glass_columns_a, glass_columns_b,
          glass_columns_b, nicolae_eternal_life, kennysheep_doodads,
          chequers_avenue

Skill      XL: |  1 |
---------------+----+-----
Axes           | 3 |  3.0
Fighting       | |  3.9
Armour         | |  3.5
Shields        | |  3.5

Action                     || total
---------------------------++-------
  Melee: War axe           ||    39
 Armour: Scale mail        ||    13
  Dodge: Dodged            ||    12
  Block: Buckler           ||    10

Table legend: (Time is in decaauts)
 A = Elapsed time spent in this place.
 B = Non-inter-level travel time spent in this place.
 C = Inter-level travel time spent in this place.
 D = Time resting spent in this place.
 E = Time spent auto-exploring this place.
 F = Levels seen in this place.
 G = Mean time per level.
                   A        B        C        D        E       F      G
               +--------+--------+--------+--------+--------+-----+--------+
         Total |    667 |    626 |     41 |      0 |    496 |   2 |  333.5 |
       Dungeon |    667 |    626 |     41 |      0 |    496 |   2 |  333.5 |
               +--------+--------+--------+--------+--------+-----+--------+

Top non-repeatable levels by time:
     D:1: 651 daAuts
     D:2: 15 daAuts
